SAAA
PURE MICHIGAN GREAT LAKERS @ ELLENBURG FIGHTING DACHSUNDS
07/09/2025
 
TOP OF THE 1ST
Pure Michigan Great Lakers batting - Pitching for Ellenburg Fighting Dachsunds : RHP Severiano Duclos
Pitching: RHP Severiano Duclos
Batting: RHB Javier Rivera 0-0: Called Strike
0-1: Ball
1-1: Ball
2-1: Fly out, F6 (Line Drive, 6)
Batting: LHB Gregory Johnson 0-0: SINGLE (Groundball, 34D)
Batting: LHB Mike Silver 0-0: Ball
1-0: Ball
2-0: Ball
3-0: Base on Balls
Gregory Johnson to second
Batting: RHB Nathan Horton 0-0: Ball
1-0: Foul Ball, location: 2F
1-1: Ball
2-1: Swinging Strike
2-2: Foul Ball, location: 2F
2-2: Foul Ball, location: 2F
2-2: Ball
3-2: Base on Balls
Gregory Johnson to third
Mike Silver to second
Batting: LHB Juan Rodríguez 0-0: Ball
1-0: Ball
2-0: GRAND SLAM HOME RUN (Flyball, 89XD), Distance : 422 ft
Batting: RHB Ron Ward 0-0: Called Strike
0-1: Ball
1-1: SINGLE (Flyball, 8LS)
Batting: LHB Sean Angwin 0-0: Called Strike
0-1: Ball
1-1: Swinging Strike
1-2: Strikes out swinging
Batting: RHB Ramiro Gonzáles 0-0: Foul Ball, location: 2F
0-1: Fielders Choice at 2nd, 5-4 (Groundball, 5)
Top of the 1st over - 4 run(s), 3 hit(s), 0 error(s), 0 left on base; Pure Michigan 4 - Ellenburg 0
BOTTOM OF THE 1ST
Ellenburg Fighting Dachsunds batting - Pitching for Pure Michigan Great Lakers : RHP José López
Pitching: RHP José López
Batting: LHB José Ortega 0-0: Called Strike
0-1: Ball
1-1: Ball
2-1: Ground out 4-3 (Groundball, 4)
Batting: RHB Juan Ramos 0-0: Ball
1-0: Ball
2-0: Ball
3-0: Called Strike
3-1: Foul Ball, location: 2F
3-2: Foul Ball, location: 2F
3-2: Base on Balls
Batting: RHB Ed Adams 0-0: Called Strike
0-1: Ball
1-1: Fly out, F8 (Flyball, 8LS)
Batting: RHB Preston Hernández 0-0: Ball
1-0: Swinging Strike
1-1: Fly out, F9 (Flyball, 9S)
Bottom of the 1st over - 0 run(s), 0 hit(s), 0 error(s), 1 left on base; Pure Michigan 4 - Ellenburg 0
TOP OF THE 2ND
Pure Michigan Great Lakers batting - Pitching for Ellenburg Fighting Dachsunds : RHP Severiano Duclos
Batting: LHB Greg Robinson 0-0: Ball
1-0: Ball
2-0: Ball
3-0: Base on Balls
Batting: RHB Javier Rivera 0-0: Fielders Choice at 2nd, 6-4 (Groundball, 6M)
Batting: LHB Gregory Johnson 0-0: Called Strike
0-1: Swinging Strike
0-2: Foul Ball, location: 2F
0-2: Fly out, F9 (Flyball, 89S)
Batting: LHB Mike Silver 0-0: Fly out, F9 (Line Drive, 89S)
Top of the 2nd over - 0 run(s), 0 hit(s), 0 error(s), 1 left on base; Pure Michigan 4 - Ellenburg 0
BOTTOM OF THE 2ND
Ellenburg Fighting Dachsunds batting - Pitching for Pure Michigan Great Lakers : RHP José López
Batting: RHB Francis Kelly 0-0: Ball
1-0: Foul Ball, location: 2F
1-1: SOLO HOME RUN (Line Drive, 8LXD), Distance : 443 ft
Batting: RHB Meka Knight 0-0: Hit by Pitch
Batting: RHB José Vázquez 0-0: Called Strike
0-1: Ball
1-1: Called Strike
1-2: Ball
2-2: Foul Ball, location: 2F
2-2: SINGLE (Groundball, 6) (infield hit)
Meka Knight to second
Batting: RHB Jack Burton 0-0: Ball
1-0: Fly out, F8 (Flyball, 8RM)
Batting: RHB Charles Jordan 0-0: Ball
1-0: Foul Ball, location: 2F
1-1: Fielders Choice at 2nd, 5-4 (Groundball, 56)
Meka Knight to third
Batting: LHB José Ortega 0-0: Foul Ball, location: 2F
0-1: Ball
1-1: Ball
2-1: Foul Ball, location: 2F
2-2: Foul Ball, location: 2F
2-2: Foul Ball, location: 2F
2-2: Ball
3-2: Hit by Pitch
Charles Jordan to second
Batting: RHB Juan Ramos 0-0: Ball
1-0: Called Strike
1-1: Fly out, F8 (Line Drive, 8RD)
Bottom of the 2nd over - 1 run(s), 2 hit(s), 0 error(s), 3 left on base; Pure Michigan 4 - Ellenburg 1
TOP OF THE 3RD
Pure Michigan Great Lakers batting - Pitching for Ellenburg Fighting Dachsunds : RHP Severiano Duclos
Batting: RHB Nathan Horton 0-0: Swinging Strike
0-1: Ball
1-1: Ball
2-1: Ball
3-1: Base on Balls
Batting: LHB Juan Rodríguez 0-0: Foul Ball, location: 2F
0-1: Ball
1-1: Ball
2-1: Ball
3-1: Base on Balls
Nathan Horton to second
Batting: RHB Ron Ward 0-0: Grounds into double play, 5-4-3 (Groundball, 56)
Nathan Horton to third
Batting: LHB Sean Angwin 0-0: Called Strike
0-1: Called Strike
0-2: Ball
1-2: Strikes out looking
Top of the 3rd over - 0 run(s), 0 hit(s), 0 error(s), 1 left on base; Pure Michigan 4 - Ellenburg 1
BOTTOM OF THE 3RD
Ellenburg Fighting Dachsunds batting - Pitching for Pure Michigan Great Lakers : RHP José López
Batting: RHB Ed Adams 0-0: Ball
1-0: Called Strike
1-1: Hit by Pitch
Batting: RHB Preston Hernández 0-0: Ball
1-0: Called Strike
1-1: Called Strike
1-2: Hit by Pitch
Ed Adams to second
Batting: RHB Francis Kelly 0-0: Foul Ball, location: 2F
0-1: Ball
1-1: Ball
2-1: Foul Ball, location: 2F
2-2: Ball
3-2: Foul Ball, location: 2F
3-2: Strikes out swinging
Batting: RHB Meka Knight 0-0: Ball
1-0: Ball
2-0: Foul Ball, location: 2F
2-1: Foul Ball, location: 2F
2-2: Hit by Pitch
Ed Adams to third
Preston Hernández to second
Batting: RHB José Vázquez 0-0: Ball
1-0: Called Strike
1-1: TRIPLE (Flyball, 8RD)
Ed Adams scores
Preston Hernández scores
Meka Knight scores
Batting: RHB Jack Burton 0-0: Ball
1-0: Swinging Strike
1-1: Ball
2-1: Ground out 6-3 (Groundball, 56)
José Vázquez scores
Batting: RHB Charles Jordan 0-0: Ball
1-0: Called Strike
1-1: Called Strike
1-2: Ball
2-2: Foul Ball, location: 2F
2-2: Foul Ball, location: 2F
2-2: Reached on error, E6 (Groundball, 6)
Batting: LHB José Ortega 0-0: Ball
1-0: Foul Ball, location: 2F
1-1: Called Strike
1-2: Ball
2-2: Fielders Choice at 2nd, 4-6 (Groundball, 4)
Bottom of the 3rd over - 4 run(s), 1 hit(s), 1 error(s), 0 left on base; Pure Michigan 4 - Ellenburg 5
TOP OF THE 4TH
Pure Michigan Great Lakers batting - Pitching for Ellenburg Fighting Dachsunds : RHP Severiano Duclos
Batting: RHB Ramiro Gonzáles 0-0: Ball
1-0: Called Strike
1-1: Ball
2-1: Swinging Strike
2-2: Foul Ball, location: 2F
2-2: SINGLE (Line Drive, 78S)
Batting: LHB Greg Robinson 0-0: Fly out, F9 (Flyball, 89M)
Batting: RHB Javier Rivera 0-0: Swinging Strike
0-1: Swinging Strike
0-2: Ball
1-2: Foul Ball, location: 2F
1-2: Strikes out swinging
Batting: LHB Gregory Johnson 0-0: Called Strike
0-1: Foul Ball, location: 2F
0-2: Foul Ball, location: 2F
0-2: Ball
1-2: Ball
2-2: Strikes out swinging
Top of the 4th over - 0 run(s), 1 hit(s), 0 error(s), 1 left on base; Pure Michigan 4 - Ellenburg 5
BOTTOM OF THE 4TH
Ellenburg Fighting Dachsunds batting - Pitching for Pure Michigan Great Lakers : RHP José López
Batting: RHB Juan Ramos 0-0: Ball
1-0: Called Strike
1-1: SOLO HOME RUN (Flyball, 7D), Distance : 381 ft
Batting: RHB Ed Adams 0-0: Ball
1-0: SINGLE (Groundball, 4MD)
Batting: RHB Preston Hernández 0-0: Ball
Wild Pitch!
Ed Adams to second
1-0: Ball
2-0: Ball
3-0: Base on Balls
Batting: RHB Francis Kelly 0-0: Ball
1-0: Fly out, F8 (Flyball, 8RS)
Batting: RHB Meka Knight 0-0: Foul Ball, location: 2F
0-1: Foul Ball, location: 2F
0-2: Ball
1-2: Ball
2-2: SINGLE (Groundball, 6M) (infield hit)
Ed Adams to third
Preston Hernández to second
Batting: RHB José Vázquez 0-0: Ball
1-0: Called Strike
1-1: Ball
2-1: Swinging Strike
2-2: Foul Ball, location: 2F
2-2: Ball
3-2: SINGLE (Groundball, 6MD)
Ed Adams scores
Preston Hernández to third
Meka Knight to second
Runner from 3rd tries for Home, SAFE, no throw
Pitching: RHP Jim Unknown
Batting: RHB Jack Burton 0-0: Swinging Strike
0-1: Foul Ball, location: 2F
0-2: Grounds into double play, 6-4-3 (Groundball, 56)
Bottom of the 4th over - 3 run(s), 4 hit(s), 0 error(s), 1 left on base; Pure Michigan 4 - Ellenburg 8
TOP OF THE 5TH
Pure Michigan Great Lakers batting - Pitching for Ellenburg Fighting Dachsunds : RHP Severiano Duclos
Batting: LHB Mike Silver 0-0: Called Strike
0-1: Foul Ball, location: 2F
0-2: SINGLE (Line Drive, 4MD)
Batting: RHB Nathan Horton 0-0: Swinging Strike
Mike Silver steals 2nd base
0-1: Foul Ball, location: 2F
0-2: Strikes out swinging
Batting: LHB Juan Rodríguez 0-0: Fly out, F8 (Flyball, 78M)
Batting: RHB Ron Ward 0-0: Ball
1-0: Ball
2-0: Ball
3-0: Called Strike
3-1: Swinging Strike
3-2: Base on Balls
Batting: LHB Sean Angwin 0-0: Ball
1-0: Ball
2-0: Called Strike
2-1: Foul Ball, location: 2F
2-2: DOUBLE (Groundball, 5L)
Mike Silver scores
Ron Ward to third
Runner from 3rd tries for Home, SAFE, throw made at trailing runner, SAFE at third!
Pitching: RHP Artie Chávez
Batting: RHB Ramiro Gonzáles 0-0: Ball
1-0: Swinging Strike
1-1: Called Strike
1-2: Foul Ball, location: 2F
1-2: Strikes out swinging
Top of the 5th over - 2 run(s), 2 hit(s), 0 error(s), 1 left on base; Pure Michigan 6 - Ellenburg 8
BOTTOM OF THE 5TH
Ellenburg Fighting Dachsunds batting - Pitching for Pure Michigan Great Lakers : RHP Jim Unknown
Batting: RHB Charles Jordan 0-0: Ball
1-0: SINGLE (Groundball, 6MD)
Batting: LHB José Ortega 0-0: Ball
1-0: Ball
2-0: Sac Bunt - play at first, batter OUT! 5-4
Charles Jordan to second
Batting: RHB Juan Ramos 0-0: Called Strike
0-1: Foul Ball, location: 2F
0-2: Fly out, F1 (Line Drive, 13)
Batting: RHB Ed Adams 0-0: Called Strike
0-1: Foul Ball, location: 2F
0-2: Fly out, F9 (Flyball, 9S)
Bottom of the 5th over - 0 run(s), 1 hit(s), 0 error(s), 1 left on base; Pure Michigan 6 - Ellenburg 8
TOP OF THE 6TH
Pure Michigan Great Lakers batting - Pitching for Ellenburg Fighting Dachsunds : RHP Artie Chávez
Batting: LHB Greg Robinson 0-0: SINGLE (Flyball, 7S)
Batting: RHB Javier Rivera 0-0: Ball
1-0: Ball
2-0: Ball
3-0: Called Strike
3-1: Called Strike
3-2: Base on Balls
Greg Robinson to second
Batting: LHB Gregory Johnson 0-0: Sac Bunt - play at third, runner safe!
Javier Rivera to second
Batting: LHB Mike Silver 0-0: Ball
1-0: Ball
2-0: Foul Ball, location: 2F
2-1: Ball
3-1: Called Strike
3-2: Strikes out swinging
Batting: RHB Nathan Horton 0-0: Ball
1-0: Grounds into fielders choice 3-2 (Groundball, 3L)
Javier Rivera to third
Gregory Johnson to second
Batting: LHB Juan Rodríguez 0-0: Foul Ball, location: 2F
0-1: Swinging Strike
0-2: Ball
1-2: Strikes out swinging
Top of the 6th over - 0 run(s), 1 hit(s), 0 error(s), 3 left on base; Pure Michigan 6 - Ellenburg 8
BOTTOM OF THE 6TH
Ellenburg Fighting Dachsunds batting - Pitching for Pure Michigan Great Lakers : RHP Jim Unknown
Batting: RHB Preston Hernández 0-0: Foul Ball, location: 2F
0-1: Ball
1-1: Ball
2-1: Called Strike
2-2: Ball
3-2: Foul Ball, location: 2F
3-2: SINGLE (Flyball, 8RS)
Batting: RHB Francis Kelly 0-0: Ball
1-0: Fly out, F9 (Flyball, 9LSF)
Batting: RHB Meka Knight 0-0: Ball
1-0: Called Strike
1-1: Ball
2-1: Foul Ball, location: 2F
2-2: Ball
3-2: Foul Ball, location: 2F
3-2: Fly out, F8 (Flyball, 8LD)
Batting: RHB José Vázquez 0-0: Called Strike
0-1: SINGLE (Groundball, 25) (infield hit)
Preston Hernández to second
Batting: RHB Jack Burton 0-0: Ball
1-0: Ball
2-0: Called Strike
2-1: Foul Ball, location: 2F
2-2: Fielders Choice at 2nd, 6-4 (Groundball, 6)
Bottom of the 6th over - 0 run(s), 2 hit(s), 0 error(s), 1 left on base; Pure Michigan 6 - Ellenburg 8
TOP OF THE 7TH
Pure Michigan Great Lakers batting - Pitching for Ellenburg Fighting Dachsunds : RHP Artie Chávez
Now at 1B: Ismael Cabrera
Now at 3B: Michael Taylor
Batting: RHB Ron Ward 0-0: Ground out 6-3 (Groundball, 6)
Batting: LHB Sean Angwin 0-0: Ball
1-0: Ball
2-0: Swinging Strike
2-1: Foul Ball, location: 2F
2-2: Ball
3-2: Foul Ball, location: 2F
3-2: Strikes out looking
Batting: RHB Ramiro Gonzáles 0-0: Ball
1-0: Foul Ball, location: 2F
1-1: Foul Ball, location: 2F
1-2: SINGLE (Flyball, 8LS)
Batting: LHB Greg Robinson 0-0: Ball
1-0: Ball
2-0: SINGLE (Line Drive, 4M)
Ramiro Gonzáles to second
Batting: RHB Javier Rivera 0-0: Ball
1-0: Ball
2-0: Called Strike
2-1: Fly out, F5 (Popup, 5S)
Top of the 7th over - 0 run(s), 2 hit(s), 0 error(s), 2 left on base; Pure Michigan 6 - Ellenburg 8
BOTTOM OF THE 7TH
Ellenburg Fighting Dachsunds batting - Pitching for Pure Michigan Great Lakers : RHP Jim Unknown
Batting: RHB Charles Jordan 0-0: Called Strike
0-1: SINGLE (Line Drive, 6D)
Batting: LHB José Ortega 0-0: Ball
1-0: Ball
2-0: Bunted foul
2-1: Sac Bunt - play at first, batter OUT! 1-4
Charles Jordan to second
Batting: RHB Juan Ramos 0-0: Ball
1-0: Foul Ball, location: 2F
1-1: Ball
2-1: Ground out 5-3 (Groundball, 56S)
Charles Jordan to third
Batting: RHB Ed Adams 0-0: Ball
1-0: Ball
2-0: Ball
3-0: Base on Balls
Pitching: RHP Jim Unknown
Batting: RHB Preston Hernández 0-0: Ball
1-0: Ground out 4-3 (Groundball, 34)
Bottom of the 7th over - 0 run(s), 1 hit(s), 0 error(s), 2 left on base; Pure Michigan 6 - Ellenburg 8
TOP OF THE 8TH
Pure Michigan Great Lakers batting - Pitching for Ellenburg Fighting Dachsunds : RHP Artie Chávez
Now in LF: Ron Bunch
Batting: LHB Gregory Johnson 0-0: Called Strike
0-1: Hit by Pitch
Pitching: RHP Chance Wiley
Batting: LHB Mike Silver 0-0: Foul Ball, location: 2F
0-1: Ball
1-1: Foul Ball, location: 2F
1-2: Foul Ball, location: 2F
1-2: Fly out, F6 (Popup, 6)
Batting: RHB Nathan Horton 0-0: Ball
1-0: Fly out, F9 (Flyball, 89M)
Pitching: LHP José Tovar
Batting: LHB Juan Rodríguez 0-0: Ball
1-0: Swinging Strike
1-1: SINGLE (Groundball, 34D)
Gregory Johnson to second
Runner from 2nd tries for 3rd, SAFE, no throw
Batting: RHB Ron Ward 0-0: Ball
1-0: Ball
2-0: Fly out, F7 (Flyball, 78S)
Top of the 8th over - 0 run(s), 1 hit(s), 0 error(s), 2 left on base; Pure Michigan 6 - Ellenburg 8
BOTTOM OF THE 8TH
Ellenburg Fighting Dachsunds batting - Pitching for Pure Michigan Great Lakers : RHP Jim Unknown
Batting: RHB Michael Taylor 0-0: Ground out 6-3 (Groundball, 6)
Batting: RHB Meka Knight 0-0: Fly out, F8 (Flyball, 8RM)
Batting: LHB Ismael Cabrera 0-0: Fly out, F6 (Flyball, 56D)
Bottom of the 8th over - 0 run(s), 0 hit(s), 0 error(s), 0 left on base; Pure Michigan 6 - Ellenburg 8
TOP OF THE 9TH
Pure Michigan Great Lakers batting - Pitching for Ellenburg Fighting Dachsunds : LHP José Tovar
Pitching: RHP Bill Schneider
Batting: LHB Sean Angwin 0-0: Foul Ball, location: 2F
0-1: Fly out, F8 (Flyball, 8LM)
Batting: RHB Ramiro Gonzáles 0-0: Foul Ball, location: 2F
0-1: SINGLE (Line Drive, 8LS)
Batting: LHB Greg Robinson 0-0: Called Strike
0-1: Foul Ball, location: 2F
0-2: Ball
1-2: SINGLE (Groundball, 34D)
Ramiro Gonzáles to second
Pinch Runner at 2nd Alex Maxwell:
Batting: RHB Javier Rivera 0-0: Ball
1-0: Foul Ball, location: 2F
1-1: Ball
2-1: Swinging Strike
2-2: Strikes out looking
Batting: LHB Gregory Johnson 0-0: Ball
1-0: Ball
2-0: Ball
3-0: Called Strike
3-1: Base on Balls
Alex Maxwell to third
Greg Robinson to second
Batting: LHB Mike Silver 0-0: Ball
1-0: Ball
2-0: Foul Ball, location: 2F
2-1: Foul Ball, location: 2F
2-2: Ball
3-2: Foul Ball, location: 2F
3-2: SINGLE (Line Drive, 56)
Alex Maxwell scores
Greg Robinson to third
Gregory Johnson to second
Greg Robinson scores
Gregory Johnson to third
Pitching: LHP Jim Unknown
Batting: RHB Nathan Horton 0-0: Called Strike
0-1: Ball
1-1: Ball
2-1: Ball
3-1: Base on Balls
Mike Silver to second
Pinch Hitting: RHB Jeffery Campbell 0-0: Ball
1-0: Foul Ball, location: 2F
1-1: Ball
2-1: Swinging Strike
2-2: Foul Ball, location: 2F
2-2: Strikes out swinging
Top of the 9th over - 2 run(s), 3 hit(s), 0 error(s), 3 left on base; Pure Michigan 8 - Ellenburg 8
BOTTOM OF THE 9TH
Ellenburg Fighting Dachsunds batting - Pitching for Pure Michigan Great Lakers : RHP Jim Unknown
Pitching: LHP Ezio Deodato
Now at C: Dan Hunt
Now in LF: Alex Maxwell
Pinch Hitting: RHB Ramiro Rico 0-0: SINGLE (Groundball, 56D)
Batting: RHB Charles Jordan 0-0: Bunt missed!
0-1: Bunted foul
0-2: Strikes out swinging
Pinch Hitting: RHB Victor Haley 0-0: Ball
1-0: Ground out 5-3 (Groundball, 5)
Ramiro Rico to second
Batting: RHB Juan Ramos 0-0: Ball
1-0: Swinging Strike
1-1: Ball
2-1: Foul Ball, location: 2F
2-2: Ground out 6-3 (Groundball, 56)
Bottom of the 9th over - 0 run(s), 1 hit(s), 0 error(s), 1 left on base; Pure Michigan 8 - Ellenburg 8
TOP OF THE 10TH
Pure Michigan Great Lakers batting - Pitching for Ellenburg Fighting Dachsunds : LHP Jim Unknown
Now at 1B: Ramiro Rico
Now in RF: Manuel Canó
Batting: RHB Ron Ward 0-0: Swinging Strike
0-1: Foul Ball, location: 2F
0-2: Fly out, F8 (Flyball, 78D)
Pinch Hitting: RHB John Thompson 0-0: Ball
1-0: Ball
2-0: Foul Ball, location: 2F
2-1: Ball
3-1: Called Strike
3-2: SINGLE (Groundball, 4D)
Pinch Runner at 1st César Muńóz:
Batting: RHB Alex Maxwell 0-0: Ball
1-0: Called Strike
1-1: Ball
2-1: Foul Ball, location: 2F
2-2: Strikes out swinging
Batting: LHB Greg Robinson 0-0: Ball
César Muńóz is caught stealing 2nd base
Top of the 10th over - 0 run(s), 1 hit(s), 0 error(s), 0 left on base; Pure Michigan 8 - Ellenburg 8
BOTTOM OF THE 10TH
Ellenburg Fighting Dachsunds batting - Pitching for Pure Michigan Great Lakers : LHP Ezio Deodato
Now in RF: César Muńóz
Batting: RHB Ed Adams 0-0: SINGLE (Groundball, 56) (infield hit)
Pinch Hitting: RHB Dave Thompson 0-0: Called Strike
0-1: Ball
1-1: Ball
2-1: Swinging Strike
2-2: Ball
Wild Pitch!
Ed Adams to second
3-2: Intentional Walk
Pinch Hitting: RHB Ron Johnston 0-0: Foul Ball, location: 2F
0-1: Foul Ball, location: 2F
0-2: Ball
1-2: Fielders Choice at 2nd, 6-4 (Groundball, 6)
Ed Adams to third
Batting: RHB Meka Knight 0-0: Called Strike
0-1: Foul Ball, location: 2F
0-2: Ball
1-2: 3-RUN HOME RUN (Flyball, 7D), Distance : 394 ft
Friday, December 30th, 2016 - OOTP Baseball 17.12 Build 75